 Dungeon Crawl Stone Soup version 0.29-a0-925-g0a7a3d12f8 (webtiles) character file.

Game seed: 784565404185012520

2 jlumianski the Chiller (level 1, -1/13 HPs)
             Began as a Demonspawn Ice Elementalist on July 29, 2022.
             Slain by a hobgoblin (3 damage)
             ... on level 1 of the Dungeon.
             The game lasted 00:00:47 (191 turns).

jlumianski the Chiller (Demonspawn Ice Elementalist) Turns: 191, Time: 00:00:49

Health: -1/13      AC:  2    Str:  8    XL:     1   Next: 33%
Magic:  0/3        EV: 12    Int: 16    God:
Gold:   30         SH:  0    Dex: 13    Spells: 3/4 levels left

rFire   . . .      SeeInvis .   (no weapon)
rCold   . . .      Faith    .   (no shield)
rNeg    . . .      Spirit   .   a - +0 robe
rPois   .          Reflect  .   (no helmet)
rElec   .          Harm     .   (no cloak)
rCorr   .          Rampage  .   (no gloves)
Will    .....                   (no boots)
Stlth   ++........              (no amulet)
HPRegen 0.04/turn               (no ring)
MPRegen 0.08/turn               (no ring)

@: very slightly contaminated
A: no striking features
a: no special abilities


You were on level 1 of the Dungeon.
You visited 1 branch of the dungeon, and saw 1 of its levels.

You collected 30 gold pieces.

Inventory:

Armour
 a - a +0 robe (worn)
Potions
 b - a potion of magic


   Skills:
 + Level 1.7 Dodging
 + Level 1.7 Stealth
 + Level 2.0 Spellcasting
 + Level 3.7 Ice Magic


You had 3 spell levels left.
You knew the following spells:

 Your Spells              Type           Power      Damage    Failure   Level
a - Freeze                Ice            52%        1d7       4%          1

Your spell library contained the following spells:

 Spells                   Type           Power      Damage    Failure   Level
 Frozen Ramparts          Ice            26%        1d4       13%         3
 Ozocubu's Armour         Ice            13%        N/A       13%         3
 Hailstorm                Conj/Ice       7%         3d4       67%         4


Dungeon Overview and Level Annotations

Branches:
Dungeon (1/15)

Altars:


Message History

The frilled lizard attacks as you move away!
The frilled lizard closely misses you.
The frilled lizard hisses.
Casting: Freeze (safe; 4% risk of failure)
Confirm with . or Enter, or press ? or * to list all spells.
Aiming: Freeze (safe; 4% risk of failure)
Press: ? - help, Shift-Dir - straight line, f - frilled lizard
Aim: a frilled lizard You freeze the frilled lizard.
You kill the frilled lizard!
Unknown command.
A hobgoblin comes into view.
The hobgoblin shouts!
The hobgoblin attacks as you move away! The hobgoblin hits you.
Casting: Freeze (safe; 4% risk of failure)
Confirm with . or Enter, or press ? or * to list all spells.
Aiming: Freeze (safe; 4% risk of failure)
Press: ? - help, Shift-Dir - straight line, f - hobgoblin
Aim: a hobgoblin You freeze the hobgoblin.
The hobgoblin is lightly wounded.
The hobgoblin hits you.
Casting: Freeze (safe; 4% risk of failure)
Confirm with . or Enter, or press ? or * to list all spells.
Aiming: Freeze (safe; 4% risk of failure)
Press: ? - help, Shift-Dir - straight line, f/p - hobgoblin
Aim: a hobgoblin (lightly wounded)
You freeze the hobgoblin.
The hobgoblin is heavily wounded.
The hobgoblin hits you.
* * * LOW HITPOINT WARNING * * *
Casting: Freeze (safe; 4% risk of failure)
Confirm with . or Enter, or press ? or * to list all spells.
Aiming: Freeze (safe; 4% risk of failure)
Press: ? - help, Shift-Dir - straight line, f/p - hobgoblin
Aim: a hobgoblin (heavily wounded)
You miscast Freeze.
You are very lightly contaminated with residual magic.
Nothing appears to happen.
The hobgoblin hits you.
You die...

####.####.#
..........### #####.
####.######.. ..... #.#
#.# .... #.# #.# ...#
#.# #.# ...# #.# ##.##
...#
####.#####...######...#
................@g....#
.####.####...######.#..#
.# #.# #...# .# ... .#
#.# #...... .. # .# #.#
#....### ... ... ..#
#.#.## #.## .#.....
....# #. ###.#####.### #
#..


You could see a hobgoblin.

Vanquished Creatures
  An endoplasm (D:1)
  A frilled lizard (D:1)
  A rat (D:1)
3 creatures vanquished.

Notes
Turn   | Place    | Note
-------+----------+-------------------------------------------
     0 | D:1      | jlumianski the Demonspawn Ice Elementalist began the quest
                  | for the Orb.
     0 | D:1      | Reached XP level 1. HP: 13/13 MP: 3/3
   191 | D:1      | Slain by a hobgoblin

Illustrated notes

Levels and vault maps discovered:
D:1:      giann_wishing_wells, layout_loops_ring

Action                   || total
-------------------------++-------
Melee: Unarmed           ||     2
 Cast: Freeze            ||     8
 Stab: Sleeping          ||     1
Armor: Robe              ||     1
Dodge: Dodged            ||     5

Table legend: (Time is in decaauts)
 A = Elapsed time spent in this place.
 B = Non-inter-level travel time spent in this place.
 C = Inter-level travel time spent in this place.
 D = Time resting spent in this place.
 E = Time spent auto-exploring this place.
 F = Levels seen in this place.
 G = Mean time per level.
                   A        B        C        D        E       F      G
               +--------+--------+--------+--------+--------+-----+--------+
         Total |    191 |    191 |      0 |     35 |    103 |   1 |  191.0 |
       Dungeon |    191 |    191 |      0 |     35 |    103 |   1 |  191.0 |
               +--------+--------+--------+--------+--------+-----+--------+

Top non-repeatable levels by time:
     D:1: 191 daAuts
